 Dungeon Crawl Stone Soup version 0.32-a0-975-g85d4e5bfdb (webtiles) character file.

Game seed: 1030944914176088696

723 ezpacito the Chopper (level 7, 0/54 HPs)
             Began as a Coglin Chaos Knight on Apr 19, 2024.
             Was a Plaything of Xom.
             Slain by a black bear (8 damage)
             ... on level 5 of the Dungeon.
             The game lasted 00:04:57 (3636 turns).

ezpacito the Chopper (Coglin Chaos Knight)          Turns: 3636, Time: 00:04:58

Health: 0/54       AC:  7    Str: 17    XL:     7   Next: 71%
Magic:  9/9        EV: 11    Int: 11    God:    Xom [*.....]
Gold:   159        SH:  0    Dex: 14    Spells: 8/8 levels left

rFire   . . .        a - +0 hand axe (chaos) {Niklaus}
rCold   . . .        n - +4 trident of Evolution {elec, Str+3}
rNeg    . . .        b - +2 leather armour
rPois   .            (no helmet)
rElec   .            r - scarf {harm}
rCorr   .            q - +0 pair of gloves
SInv    .            p - +0 pair of boots
Will    .....        (amulet unavailable)
Stlth   ++           (ring unavailable)
HPRegen 0.00/turn    (ring unavailable)
MPRegen 0.11/turn    (no gizmo)

%: harm (+30% outgoing, +20% incoming)
@: attractive, inhibited regen, hasted, revving, very quick
A: off-hand wielding, slow wielding, warmup strikes, no jewellery, inhibited
regeneration, subdued magic 1
a: Invent Gizmo, Renounce Religion


You were on level 5 of the Dungeon.
You worshipped Xom.
You were a special plaything of Xom.
You visited 2 branches of the dungeon, and saw 6 of its levels.

You collected 159 gold pieces.

Inventory:

Hand Weapons
 a - a +0 hand axe of chaos (weapon) {Niklaus}
 n - the +4 trident of Evolution (offhand) {elec, Str+3}
   (Xom gifted it to you on level 3 of the Dungeon)

   Str+3:     It affects your strength (+3).
 t - a +0 war axe
Missiles
 c - 4 boomerangs
 d - 12 poisoned darts (quivered)
 w - 4 silver javelins
Armour
 b - a +2 leather armour (worn)
 p - a +0 pair of boots (worn)
 q - a +0 pair of gloves (worn)
 r - a scarf of harm (worn)
Wands
 v - a wand of charming (13)
Scrolls
 e - a scroll of immolation {unknown}
 i - a scroll of identify
 k - a scroll of teleportation {unknown}
 o - 2 scrolls of poison
 s - a scroll of vulnerability {unknown}
 u - a scroll of amnesia {unknown}
Potions
 f - a potion of brilliance {unknown}
 g - 4 potions of lignification
 h - a potion of haste
 l - a potion of curing {unknown}
 m - a potion of magic {unknown}


   Skills:
 * Level 4.2 Fighting
 * Level 4.4(4.8) Axes
 * Level 2.4(3.6) Polearms
 + Level 1.4 Throwing
 * Level 3.2 Armour
 * Level 2.9 Dodging
 + Level 1.6 Stealth
 + Level 1.5 Unarmed Combat
 + Level 1.4 Spellcasting
 + Level 0.3 Evocations


You had 8 spell levels left.
You didn't know any spells.
Your spell library was empty.

Dungeon Overview and Level Annotations

Branches:
Dungeon (5/15)             Temple (1/1) D:4

Altars:
Ashenzari
Dithmenos
Gozag
Kikubaaqudgha
Nemelex Xobeh
Okawaru
Vehumet
Wu Jian
Xom
Yredelemnul
The Shining One
Beogh

Annotations:
D:5 Pikel


Innate Abilities, Weirdness & Mutations

You can wield a second weapon in your off-hand.
It takes a long time for you to wield or remove held weapons.
Your first few attacks do less damage.
You cannot equip rings or amulets.
You do not regenerate when monsters are visible.
Your spells are a little easier to cast, but a little less powerful.


Message History

* * * LOW HITPOINT WARNING * * *
The black bear attacks as it pursues you!
The black bear bites you.
* * * LOW HITPOINT WARNING * * *
The black bear claws you but does no damage. x2
You take 4 damage, and have 15/54 hp.
You hit the gnoll sergeant with your +0 hand axe of chaos.
You drain the gnoll sergeant.
The gnoll sergeant is lightly wounded.
You barely miss the gnoll with your +0 hand axe of chaos.
You hit the gnoll but do no damage. x2
You hit the lemure with your +0 hand axe of chaos.
You hit the black bear with your +0 hand axe of chaos.
The black bear is poisoned.
You barely miss the gnoll sergeant with the +4 trident of Evolution.
You slash the gnoll with your +0 hand axe of chaos!
The gnoll is severely wounded.
You hit the gnoll but do no damage.
You hit the gnoll with your +0 hand axe of chaos.
You freeze the gnoll.
You hit the gnoll sergeant but do no damage.
The gnoll sergeant falls asleep!
You barely miss the lemure with your +0 hand axe of chaos.
You barely miss the black bear with your +0 hand axe of chaos.
You barely miss the gnoll with the +4 trident of Evolution.
The gnoll hits you but does no damage. The gnoll closely misses you.
The gnoll hits you but does no damage. The lemure closely misses you.
The black bear bites you.
* * * LOW HITPOINT WARNING * * *
The black bear barely misses you. x2; The gnoll sergeant barely misses you.
You take 1 damage, and have 14/54 hp.
It was a potion of attraction.
You feel attractive to monsters. The gnoll hits you with a +0 spear.
* * * LOW HITPOINT WARNING * * *
The gnoll barely misses you. The gnoll hits you with a +0 spear.
* * * LOW HITPOINT WARNING * * *
The lemure barely misses you. The black bear bites you!
You die...
Xom guffaws!

## #....... .#
####....... .#
#......#####
.##.[.....
.#........
5.5.......
#########K##.......
......g.5l......
......g@hg5..###
......gg.....#
.............#
#########.#### ..
.#. .#.# #


You could see Pikel, a black bear (very poisoned), 4 lemures, a gnoll sergeant
(drained), an iguana and 4 gnolls.

Vanquished Creatures
  Grinder (D:4)
  Sigmund (D:3)
  The ghost of Maxmaps the Trooper, an amateur DsSh (D:3)
  A weeping skull (D:3)
  A jelly (D:5)
  2 iguanas (D:4)
  4 adders
  2 ribbon worms
  3 dart slugs
  12 orcs
  4 endoplasms
  A giant cockroach (D:3)
  7 hobgoblins
  3 jackals (D:4)
  2 quokkas
  8 ball pythons
  5 bats
  2 frilled lizards
  6 goblins
  6 kobolds
  4 rats
  A spectral orc (D:3)
77 creatures vanquished.

Vanquished Creatures (others)
  Menkaure (D:4)
1 creature vanquished.

Grand Total: 78 creatures vanquished

Notes
Turn   | Place    | Note
-------+----------+-------------------------------------------
     0 | D:1      | ezpacito the Coglin Chaos Knight began the quest for the
                  | Orb.
     0 | D:1      | Reached XP level 1. HP: 18/18 MP: 1/1
    66 | D:1      | XOM: divination: magic mapping
    94 | D:1      | Reached skill level 1 in Dodging
   157 | D:1      | Reached XP level 2. HP: 24/24 MP: 2/2
   404 | D:1      | Found a faded altar of an unknown god.
   840 | D:2      | Reached XP level 3. HP: 27/29 MP: 3/3
  1036 | D:2      | XOM is BORED!
  1254 | D:2      | XOM: silly message
  1698 | D:3      | Reached XP level 4. HP: 35/35 MP: 4/4
  1711 | D:3      | Found an ancient bone altar of Kikubaaqudgha.
  1711 | D:3      | Noticed Sigmund
  1718 | D:3      | XOM: potion effect (attraction)
  1721 | D:3      | XOM: enchant monster (good)
  1726 | D:3      | Killed Sigmund
  1727 | D:3      | Reached skill level 1 in Polearms
  1727 | D:3      | Reached skill level 1 in Stealth
  1727 | D:3      | Reached XP level 5. HP: 28/42 MP: 4/6
  1727 | D:3      | Reached XP level 6. HP: 32/48 MP: 4/7
  1741 | D:3      | Identified the +4 trident of Evolution {elec, Str+3} (Xom
                  | gifted it to you on level 3 of the Dungeon)
  1741 | D:3      | XOM: god gift: +4 trident of Evolution {elec, Str+3}
  1901 | D:3      | XOM: scenery: summon butterflies
  1919 | D:3      | Found a runed translucent gate.
  1920 | D:3      | Found a runed translucent gate.
  1920 | D:3      | Noticed Maxmaps's ghost (amateur DsSh)
  1921 | D:3      | Found a runed translucent gate.
  1964 | D:3      | XOM: divination: magic mapping
  2055 | D:3      | Found a basalt altar of Yredelemnul.
  2072 | D:3      | Reached skill level 1 in Unarmed Combat
  2072 | D:3      | Reached skill level 1 in Spellcasting
  2145 | D:3      | XOM: noise
  2250 | D:3      | Found a roughly hewn altar of Beogh.
  2280 | D:3      | XOM: blink monster(s)
  2282 | D:3      | Killed Maxmaps's ghost
  2283 | D:3      | Reached skill level 1 in Throwing
  2293 | D:3      | XOM: give mutations
  2293 | D:3      | Gained mutation: You do not regenerate when monsters are
                  | visible. [Xom's mischief]
  2293 | D:3      | Gained mutation: Your spells are a little easier to cast,
                  | but a little less powerful. [Xom's mischief]
  2326 | D:3      | XOM: polymorph butterfly -> giant cockroach
  2561 | D:4      | Found a staircase to the Ecumenical Temple.
  2569 | Temple   | Entered the Ecumenical Temple
  2597 | D:4      | Noticed Grinder
  2601 | D:4      | Paralysed by Grinder for 4 turns
  2603 | D:4      | XOM: confusion (+ monsters)
  2614 | D:4      | Killed Grinder
  2615 | D:4      | Reached XP level 7. HP: 54/54 MP: 8/8
  2636 | D:4      | Found a sparkling altar of Nemelex Xobeh.
  3194 | D:4      | Noticed Menkaure
  3198 | D:4      | Killed Menkaure
  3198 | D:4      | XOM: divine lightning
  3540 | D:5      | Entered Level 5 of the Dungeon
  3628 | D:5      | Noticed Pikel
  3628 | D:5      | XOM: 1-stop teleportation journey
  3636 | D:5      | Slain by a black bear

Illustrated notes

Levels and vault maps discovered:
D:1:      scummos_arrival_star, layout_rooms,
          hellmonk_ecumenical_altar_inner_sanctum, serial_curves,
          eino_curves_03, eino_curves_04
D:2:      layout_loops_corners
D:3:      layout_rooms, yredelemnul_forgotten_temple_becter,
          mainiacjoe_overflow_cross_hatched, biasface_ghost_orc_armoury,
          uniq_sigmund
D:4:      layout_cave_pods, mainiacjoe_overflow_paths,
          minmay_temple_entry_statues_pillars, uniq_menkaure, uniq_grinder
D:5:      layout_basic, minmay_gold_behind_fungi, uniq_pikel
Temple:   hellmonk_temple_flake

Skill      XL: |  1  2  3  4  5  6 |
---------------+-------------------+-----
Dodging        | 1 2 |  2.9
Armour         | 2 3 |  3.2
Polearms       | 1 2 |  2.4
Stealth        | 1 |  1.6
Axes           | 4 |  4.4
Unarmed Combat | 1 |  1.5
Spellcasting   | 1 |  1.4
Throwing       | 1 |  1.4
Fighting       | 4 |  4.2
Evocations     | |  0.3

Action                     |  1- 3 |  4- 6 |  7- 9 || total
---------------------------+-------+-------+-------++-------
  Melee: Hand axe          |    59 |    39 |    30 ||   128
         Dagger            |    18 |       |       ||    18
         Spear             |    47 |    13 |       ||    60
         Trident           |       |    45 |    33 ||    78
    Use: Potion            |       |     4 |     2 ||     6
         Scroll            |       |     1 |     1 ||     2
   Stab: Sleeping          |     1 |     2 |       ||     3
         Confused          |       |     2 |       ||     2
         Paralysed         |       |     2 |       ||     2
 Armour: Leather armour    |    31 |    26 |    40 ||    97
         Skin              |       |    10 |       ||    10
  Dodge: Dodged            |    30 |    28 |    35 ||    93

Table legend: (Time is in decaauts)
 A = Elapsed time spent in this place.
 B = Non-inter-level travel time spent in this place.
 C = Inter-level travel time spent in this place.
 D = Time resting spent in this place.
 E = Time spent auto-exploring this place.
 F = Levels seen in this place.
 G = Mean time per level.
                   A        B        C        D        E       F      G
               +--------+--------+--------+--------+--------+-----+--------+
         Total |   3629 |   3166 |    463 |     43 |   2586 |   6 |  604.8 |
       Dungeon |   3627 |   3165 |    462 |     43 |   2586 |   5 |  725.4 |
        Temple |      1 |      1 |      0 |      0 |      0 |   1 |    1.0 |
               +--------+--------+--------+--------+--------+-----+--------+

Top non-repeatable levels by time:
     D:4: 980 daAuts
     D:2: 925 daAuts
     D:3: 885 daAuts
     D:1: 741 daAuts
     D:5: 94 daAuts
  Temple: 1 daAuts
